 Dungeon Crawl Stone Soup version 0.31-a0-408-gb642c7f9a3 (webtiles) character file.

Game seed: 5860265668169301352

109 holysushi the Cutter (level 4, -9/23 HPs)
             Began as a Spriggan Monk on July 29, 2023.
             Mangled by an iguana (10 damage)
             ... on level 5 of the Dungeon.
             The game lasted 00:04:40 (2786 turns).

holysushi the Cutter (Spriggan Monk)                Turns: 2786, Time: 00:04:41

Health: -9/23      AC:  2    Str: 13    XL:     4   Next: 60%
Magic:  5/5        EV: 19    Int: 11    God:
Gold:   86         SH:  0    Dex: 19    Spells: 3/3 levels left

rFire   . . .        a - +2 short sword
rCold   + . .        (no shield)
rNeg    . . .        n - +0 robe
rPois   .            (helmet restricted)
rElec   .            (no cloak)
rCorr   .            (gloves unavailable)
SInv    +            (boots unavailable)
Will    .....        (no amulet)
Stlth   ++           g - ring of protection from cold
HPRegen 0.23/turn    p - +6 ring of strength
MPRegen 0.09/turn

%: no passive effects
@: very quick
A: very small, no large weapons, unfitting armour, see invisible, speed 3
a: no special abilities


You were on level 5 of the Dungeon.
You visited 1 branch of the dungeon, and saw 4 of its levels.

You collected 86 gold pieces.

Inventory:

Hand Weapons
 a - a +2 short sword (weapon)
 b - a +0 sling
Armour
 d - an orb of light
 n - a +0 robe (worn)
Jewellery
 g - a ring of protection from cold (left hand)
 p - a +6 ring of strength (right hand)
Scrolls
 j - a scroll of fear {unknown}
 m - a scroll of identify {unknown}
Potions
 c - a potion of ambrosia
 i - a potion of heal wounds {unknown}
 k - a potion of haste {unknown}
 l - a potion of might {unknown}
 o - 2 potions of curing {unknown}


   Skills:
 - Level 2.4 Fighting
 + Level 5.4 Short Blades
 + Level 4.5 Dodging
 - Level 2.0 Stealth


You had 3 spell levels left.
You didn't know any spells.
Your spell library contained the following spells:

 Spells                   Type           Power      Damage    Failure   Level
 Animate Armour           Summ/Erth      0%         N/A       98%         4
 Summon Lightning Spire   Summ/Air       0%         N/A       98%         4
 Lee's Rapid Deconstruct  Erth           0%         3d4*      100%        5


Dungeon Overview and Level Annotations

Branches:
Dungeon (5/15) Zot: 22137
 Temple: D:4-7

Altars:
Cheibriados
Makhleb
Yredelemnul

Shops:
D:1 :!

Annotations:
D:2 Sigmund


Innate Abilities, Weirdness & Mutations

You are very small and have problems with some larger weapons.
You are too small for most types of armour.
You have supernaturally acute eyesight. (SInv)
You cover ground extremely quickly. (Speed+++)


Message History

It was a scroll of revelation.
An ogre comes into view. It is wielding a +0 giant spiked club.
Found a snail-covered altar of Cheibriados and a basalt altar of Yredelemnul.
A frilled lizard comes into view.
A sourceless malevolence fills the Dungeon...
You fall into a shaft and drop 2 floors!
The shaft crumbles and collapses.
An iguana comes into view.
The iguana moves out of view.
Found a pink potion.
The iguana hisses angrily.
You aren't carrying any items that you can evoke.
Unknown command.
Okay, then.
Okay, then.
As you read the scroll of enchant weapon, it crumbles to dust.
Your +1 short sword glows red for a moment.
You swing at nothing.
You hit the iguana.
The iguana is lightly wounded.
You completely miss the iguana.
The iguana is lightly wounded.
The iguana closely misses you.
You barely miss the iguana.
The iguana is lightly wounded.
The iguana closely misses you.
You barely miss the iguana.
The iguana is lightly wounded.
The iguana bites you!
You hit the iguana.
The iguana is moderately wounded.
You hit the iguana but do no damage.
The iguana is moderately wounded.
The iguana bites you!
Ouch! That really hurt!
* * * LOW HITPOINT WARNING * * *
You hit the iguana but do no damage.
The iguana is moderately wounded.
The iguana bites you!
You die...

###############
.##############
.##############
###############
###############
..#####....!.##
..#....######.#
######.#######.
######@#######.
######.l######.
.#####.........
.>#####........
#.[###......#..
###.... ##.. #.


You could see an iguana.

Vanquished Creatures
  4 gnolls (D:1)
  2 adders
  3 dart slugs (D:1)
  6 endoplasms
  A giant cockroach (D:1)
  5 goblins
  5 hobgoblins
  6 jackals (D:1)
  2 kobolds (D:2)
  A quokka (D:2)
  3 ball pythons
  4 bats
  2 rats (D:1)
44 creatures vanquished.

Notes
Turn   | Place    | Note
-------+----------+-------------------------------------------
     0 | D:1      | holysushi the Spriggan Monk began the quest for the Orb.
     0 | D:1      | Reached XP level 1. HP: 11/11 MP: 2/2
   129 | D:1      | Reached skill level 4 in Short Blades
   129 | D:1      | Reached XP level 2. HP: 13/16 MP: 3/3
   382 | D:2      | Noticed Sigmund
   452 | D:1      | Reached XP level 3. HP: 11/19 MP: 4/4
   458 | D:1      | Reached skill level 1 in Stealth
   511 | D:1      | Found Nesaipel's Book Shoppe.
   573 | D:1      | Found Qivvaibb's Distillery.
  1230 | D:1      | Found Nesaipel's Book Shoppe.
  1260 | D:1      | Found Qivvaibb's Distillery.
  1274 | D:1      | Reached skill level 5 in Short Blades
  1622 | D:1      | Reached XP level 4. HP: 16/23 MP: 5/5
  1942 | D:1      | Found Qivvaibb's Distillery.
  1952 | D:1      | Found Nesaipel's Book Shoppe.
  2373 | D:2      | Found a burning altar of Makhleb.
  2767 | D:3      | Noticed an ogre
  2767 | D:3      | Found a snail-covered altar of Cheibriados.
  2767 | D:3      | Found a basalt altar of Yredelemnul.
  2768 | D:3      | You fall into a shaft and drop 2 floors!
  2768 | D:5      | Entered Level 5 of the Dungeon
  2785 | D:5      | HP: 1/23 [iguana (13)]
  2786 | D:5      | Mangled by an iguana

Illustrated notes

Levels and vault maps discovered:
D:1:      mainiacjoe_arrival_reflecting_pool, layout_rooms, serial_shops,
          shop_statue, nicolae_shop_just_a_little_nook, nrook_uturn,
          grunt_decor_clamped
D:2:      layout_rooms, basic_altar, uniq_sigmund, uniq_crazy_yiuf_cottage
D:3:      layout_loops_ring, mainiacjoe_overflow_divided_tiny,
          gup_sewer_entry_glass, hellmonk_no_cap
D:5:      layout_layer_cave, mainiacjoe_overflow_alcove_4, uniq_grinder,
          uniq_blork_the_orc, uniq_duvessa

Skill      XL: |  1  2  3 |
---------------+----------+-----
Short Blades   | 4 5 |  5.4
Stealth        | 2 |  2.0
Fighting       | |  2.4
Dodging        | |  4.5

Action                     |  1- 3 |  4- 6 || total
---------------------------+-------+-------++-------
  Melee: Short sword       |   131 |    51 ||   182
         Punch             |     2 |       ||     2
   Fire: Sling             |       |     8 ||     8
    Use: Scroll            |       |     4 ||     4
   Stab: Sleeping          |     3 |     2 ||     5
 Armour: Robe              |    19 |     4 ||    23
  Dodge: Dodged            |   136 |    39 ||   175

Table legend: (Time is in decaauts)
 A = Elapsed time spent in this place.
 B = Non-inter-level travel time spent in this place.
 C = Inter-level travel time spent in this place.
 D = Time resting spent in this place.
 E = Time spent auto-exploring this place.
 F = Levels seen in this place.
 G = Mean time per level.
                   A        B        C        D        E       F      G
               +--------+--------+--------+--------+--------+-----+--------+
         Total |   1861 |   1757 |    104 |    266 |    927 |   4 |  465.2 |
       Dungeon |   1861 |   1757 |    104 |    266 |    927 |   4 |  465.2 |
               +--------+--------+--------+--------+--------+-----+--------+

Top non-repeatable levels by time:
     D:1: 1515 daAuts
     D:2: 328 daAuts
     D:5: 11 daAuts
     D:3: 5 daAuts
